 Dungeon Crawl Stone Soup version 0.28.0-43-g3370ac3207 (webtiles) character file.

Game seed: 16999061125455294171

37 jimonade the Caller (level 3, -1/24 HPs)
             Began as a Merfolk Summoner on Mar 12, 2022.
             Frozen to death by an endoplasm (3 damage)
             ... on level 1 of the Dungeon.
             The game lasted 00:06:52 (1202 turns).

jimonade the Caller (Merfolk Summoner)              Turns: 1202, Time: 00:06:53

Health: -1/24      AC:  3    Str:  8    XL:     3   Next: 39%
Magic:  6/6        EV: 12    Int: 16    God:
Gold:   43         SH:  0    Dex: 14    Spells: 3/6 levels left

rFire   . . .      SeeInvis .   f - +1 mace
rCold   . . .      Faith    .   (no shield)
rNeg    . . .      Spirit   .   a - +0 robe
rPois   .          Reflect  .   q - +0 helmet
rElec   .          Harm     .   (no cloak)
rCorr   .          Rampage  .   (no gloves)
Will    .....                   (no boots)
Stlth   ++........              (no amulet)
HPRegen 0.08/turn               (no ring)
MPRegen 0.10/turn               (no ring)

@: no status effects
A: (nimble swimmer 2), mertail
a: no special abilities


You were on level 1 of the Dungeon.
You visited 1 branch of the dungeon, and saw 2 of its levels.

You collected 43 gold pieces.

Inventory:

Hand Weapons
 f - a +1 mace (weapon)
 g - a +0 dagger
 l - a +0 whip
 o - a +0 flail
 r - a +0 whip
Missiles
 i - 23 arrows
 j - 3 poisoned darts
 p - 15 stones
Armour
 a - a +0 robe (worn)
 c - a +0 ring mail
 e - a +0 robe
 m - a +0 ring mail
 q - a +0 helmet (worn)
Scrolls
 h - a scroll of summoning
 k - a scroll of blinking {unknown}
 n - a scroll of noise {unknown}


   Skills:
 * Level 0.1 Fighting
 + Level 0.1 Maces & Flails
 * Level 0.1 Armour
 + Level 2.8 Dodging
 - Level 2.1 Stealth
 * Level 2.0 Spellcasting
 * Level 4.9 Summonings


You had 3 spell levels left.
You knew the following spells:

 Your Spells              Type           Power      Damage    Failure   Level
a - Summon Small Mammal   Summ           68%        N/A       2%          1
b - Call Imp              Summ           17%        N/A       4%          2

Your spell library contained the following spells:

 Spells                   Type           Power      Damage    Failure   Level
 Call Canine Familiar     Summ           17%        N/A       9%          3
 Summon Guardian Golem    Hex/Summ       9%         N/A       22%         3
 Summon Lightning Spire   Summ/Air       9%         N/A       58%         4


Dungeon Overview and Level Annotations

Branches:
Dungeon (2/15)

Altars:

Annotations:
D:1 Jessica


Innate Abilities, Weirdness & Mutations

((You are very nimble when in or above water. (Stealth+, EV+, Speed+++)))
Your lower body shifts to a powerful aquatic tail in water.


Message History

Press: ? - help, Dir - move target, f - you
Okay, then.
r - a +0 whip You start putting on your armour.
You continue putting on your +0 helmet. x4
You finish putting on your +0 helmet.
There is a shaft here.
Done exploring.
Done exploring.
Done exploring.
There is a stone staircase leading down here.
You climb downwards.
Jessica shouts!
The endoplasm quivers.
The goblin shouts!
Found a scroll labelled DUJIYTS VILECO.
There is a stone staircase leading up here.
Press: ? - help, v - describe, . - travel, g - get item
Here: Jessica, wielding a +0 club and wearing a +0 robe Item here: a scroll labelled DUJIYTS VILECO.
The floor.
Jessica casts a spell at you. Pain shoots through your body!
Ouch! That really hurt!
The endoplasm freezes you.
You are frozen.
* * * LOW HITPOINT WARNING * * *
You climb upwards.
There is a stone staircase leading down here.
As you read the scroll labelled OKO SUTUMI, it crumbles to dust.
It is a scroll of enchant weapon.
Your +0 mace glows red for a moment.
Jessica hits you with a +0 club.
* * * LOW HITPOINT WARNING * * *
The endoplasm barely misses you.
As you read the scroll labelled ZOLOOP FOCHI, it crumbles to dust.
It is a scroll of identify.
h - a scroll of summoning Jessica hits you but does no damage.
The endoplasm freezes you.
You are frozen.
You die...

#............# #.#
#............# #.#
#............# #.#
####............# #.#
................# #.#
###...##........##### #.#
#...##.###........########.#
###..)##.#..........#......#.#
†...÷÷..........@J...........#
###...###......@....#......###
#...# #...........########
##### ##...............#
#...######......# ##..###
#......# #.....# ########
#.....# #.....#


You could see Jessica and an endoplasm.

Vanquished Creatures
  A jackal (D:1)
  A kobold (D:1)
  A frilled lizard (D:1)
  A goblin (D:1)
4 creatures vanquished.

Vanquished Creatures (collateral kills)
  A gnoll (D:1)
  2 ball pythons (D:1)
  An endoplasm (D:1)
  2 giant cockroaches (D:1)
  3 goblins (D:1)
  3 hobgoblins (D:1)
  2 jackals (D:1)
  A quokka (D:1)
  A bat (D:1)
  A frilled lizard (D:1)
  A kobold (D:1)
  3 rats (D:1)
21 creatures vanquished.

Grand Total: 25 creatures vanquished

Notes
Turn   | Place    | Note
-------+----------+-------------------------------------------
     0 | D:1      | jimonade the Merfolk Summoner began the quest for the Orb.
     0 | D:1      | Reached XP level 1. HP: 13/13 MP: 3/3
   141 | D:1      | Reached XP level 2. HP: 19/19 MP: 3/5
   158 | D:1      | Learned a level 2 spell: Call Imp
   838 | D:1      | Reached XP level 3. HP: 24/24 MP: 2/6
  1198 | D:2      | Noticed Jessica
  1202 | D:1      | Frozen to death by an endoplasm

Illustrated notes

Levels and vault maps discovered:
D:1:      roderic_chinese_lattice_arrival, layout_basic
D:2:      layout_rooms, serial_rivers, chequers_serial_rivers_small_3,
          chequers_serial_rivers_micro_b, chequers_serial_rivers_small_a,
          chequers_serial_rivers_large_a, chequers_serial_rivers_micro_c,
          chequers_serial_rivers_room_b, grunt_ministairs_14,
          uniq_crazy_yiuf_cottage, uniq_jessica

Action                   || total
-------------------------++-------
Melee: Mace              ||    24
       Unarmed           ||     1
 Cast: Summon Small Mamm ||     7
       Call Imp          ||    14
  Use: Scroll            ||     2
 Stab: Sleeping          ||     1
Armor: Robe              ||    12
Dodge: Dodged            ||    29
